 Dungeon Crawl Stone Soup version 0.29.1-15-g9cfb28693d (webtiles) character file.

Game seed: 7280923479944498994

193 croobank the Sneak (level 5, -2/37 HPs)
             Began as an Octopode Delver on Mar 5, 2023.
             Slain by Menkaure (20 damage)
             ... on level 4 of the Dungeon.
             The game lasted 00:06:18 (3665 turns).

croobank the Sneak (Octopode Delver)                Turns: 3665, Time: 00:06:18

Health: -2/37      AC:  1    Str: 11    XL:     5   Next: 72%
Magic:  6/6        EV: 14    Int: 14    God:
Gold:   190        SH:  0    Dex: 20    Spells: 6/6 levels left

rFire   . . .      SeeInvis .   a - +0 hand axe
rCold   . . .      Faith    .   (no shield)
rNeg    . . .      Spirit   .   (helmet restricted)
rPois   .          Reflect  .   (no amulet)
rElec   .          Harm     .   y - +6 ring of dexterity
rCorr   .          Rampage  .   A - ring of flight
Will    .....                   (no ring)
Stlth   +++++.....              (no ring)
HPRegen 0.12/turn               (no ring)
MPRegen 0.10/turn               (no ring)
                                (no ring)
                                (no ring)

@: flying
A: almost no armour, amphibious, 8 rings, camouflage 1, gelatinous body 1,
(nimble swimmer 1), tentacles
a: no special abilities


You were on level 4 of the Dungeon.
You visited 1 branch of the dungeon, and saw 6 of its levels.

You collected 190 gold pieces.

Inventory:

Hand Weapons
 a - a +0 hand axe (weapon)
 s - a +0 dagger
 v - a +0 spear
Missiles
 j - 5 boomerangs (quivered)
Magical Staves
 m - a staff of earth
Jewellery
 x - an amulet of regeneration
 y - a +6 ring of dexterity (left tentacle)
 A - a ring of flight (right tentacle)
Wands
 f - a wand of digging (3)
 i - a wand of iceblast (12)
Scrolls
 b - a scroll of fog
 c - 2 scrolls of magic mapping
 d - a scroll of fear
 g - 2 scrolls of enchant armour
 k - a scroll of identify
 o - a scroll of teleportation
 t - a scroll of noise
 u - a scroll of amnesia {unknown}
Potions
 e - a potion of haste
 h - 4 potions of lignification
 l - 2 potions of mutation
 n - a potion of brilliance {unknown}
 p - a potion of might {unknown}
 q - 5 potions of curing {unknown}
 r - a potion of resistance {unknown}
 w - a potion of flight {unknown}
 z - a potion of attraction {unknown}


   Skills:
 + Level 3.7 Fighting
 + Level 2.9 Axes
 + Level 2.9 Dodging
 + Level 7.3 Stealth
 + Level 1.2 Spellcasting
 + Level 1.4 Fire Magic
 + Level 1.6 Poison Magic


You had 6 spell levels left.
You didn't know any spells.
Your spell library contained the following spells:

 Spells                   Type           Power      Damage    Failure   Level
 Ensorcelled Hibernation  Hex/Ice        0%         N/A       36%         2
 Ignite Poison            Fire/Tmut/Pois 3%         N/A       45%         3
 Spider Form              Tmut/Pois      3%         N/A       50%         3
 Mephitic Cloud           Conj/Pois/Air  2%         N/A       52%         3
 Summon Guardian Golem    Hex/Summ       0%         N/A       61%         3
 Anguish                  Hex/Necr       0%         N/A       95%         4
 Freezing Cloud           Conj/Ice/Air   0%         6-21      100%        5
 Orb of Destruction       Conj           0%         9d5       100%        7
 Spellforged Servitor     Conj/Summ      0%         N/A       100%        7


Dungeon Overview and Level Annotations

Branches:
Dungeon (6/15)
 Temple: D:4-7

Altars:

Shops:
D:1 (*[

Annotations:
D:3 Terence
D:4 Blork the orc, Menkaure


Innate Abilities, Weirdness & Mutations

You cannot wear most types of armour.
You are amphibious.
You can wear up to eight rings at the same time.
Your skin changes colour to match your surroundings (Stealth+).
Your rubbery body absorbs attacks. (AC +1, EV +1)
((You are camouflaged when in or above water. (Stealth+)))
You have tentacles for arms and can constrict up to eight enemies at once.


Message History

You hit the necrophage.
You squeeze the necrophage, but do no damage.
The necrophage is almost destroyed.
You constrict the necrophage. The necrophage completely misses you.
You hit the necrophage.
You destroy the necrophage!
Your life force feels restored.
You start resting.
HP restored.
You start waiting.
Done waiting.
x - an amulet of regeneration
q - 5 sapphire potions (gained 1)
Found 5 stones.
You see here 5 stones.
Menkaure, Prince of Dust comes into view.
Menkaure is nearby!
Unknown command.
Blork the orc comes into view.
He is wielding a +0 trident.
The helpless Menkaure fails to defend himself.
You hit Menkaure. Your grab misses Menkaure.
Menkaure is lightly damaged.
Menkaure closely misses you.
You hit Menkaure but do no damage. You grab Menkaure.
Menkaure is lightly damaged.
You constrict Menkaure.
Menkaure points at you and mumbles some strange words.
Pain shoots through your body!
You hit Menkaure but do no damage.
Menkaure is lightly damaged.
You constrict Menkaure. You hit Menkaure.
Menkaure is moderately damaged.
You constrict Menkaure, but do no damage.
Menkaure hits you.
You hit Menkaure. You squeeze Menkaure, but do no damage.
Menkaure is heavily damaged.
You constrict Menkaure. Menkaure hits you!!
Ouch! That really hurt!
You die...

#.#**,* ################.# *,#
****
#..........(.....###.#*****,,,
#.###############....#*,,,,,,*
#.# #...........#*,,,,,,*
####.########.##...#...##*,,,,,,*
...........##.##...#..!#******,**
.....#####.#.......####..,,,**,**
.....# *,,,#.##.@..#***....,**,**
.....# *,#......M#.........,**,,,
.....# *,..........#.#.....,****,
.....#####.......#.#o#,,,*****,*,
.....##....#....#..#,#,****,,,,*,
.....##.##*#....,...,*,,,,*,,,,,,
.....##.# ##.##*#*##****,*#,*,,,
.....##.# #.,,,,,,,,,,,,.,,****
.....##.#############****.#****


You could see Menkaure.

Vanquished Creatures
  A necrophage (D:4)
  A hound skeleton (D:3)
  4 adders
  2 adder zombies (D:3)
  2 worms
  A dart slug (D:2)
  4 orcs (D:2)
  6 bats
  An endoplasm (D:2)
  3 giant cockroaches (D:2)
  6 goblins
  4 hobgoblins
  4 jackals (D:3)
  2 quokkas (D:1)
  5 ball pythons
  A ball python skeleton (D:3)
  2 frilled lizards (D:1)
  9 kobolds
  3 rats
61 creatures vanquished.

Notes
Turn   | Place    | Note
-------+----------+-------------------------------------------
     0 | D:5      | croobank the Octopode Delver began the quest for the Orb.
     0 | D:5      | Reached XP level 1. HP: 16/16 MP: 1/1
     1 | D:6      | Noticed a howler monkey
     2 | D:6      | Noticed a necrophage
    14 | D:4      | Reached XP level 2. HP: 18/21 MP: 2/2
   197 | D:4      | Noticed a scorpion
   427 | D:3      | Reached XP level 3. HP: 7/26 MP: 3/3
  1203 | D:1      | Found Xekkaocs's Assorted Antiques.
  1222 | D:1      | Found Tuwua's Weapon Shoppe.
  1420 | D:1      | Found a faded altar of an unknown god.
  1440 | D:1      | Found Toshretsoh's Antique Armour Boutique.
  1512 | D:1      | Reached XP level 4. HP: 28/31 MP: 4/4
  1703 | D:1      | Reached skill level 7 in Stealth
  2478 | D:2      | Reached skill level 1 in Fire Magic
  2495 | D:2      | Reached skill level 1 in Poison Magic
  2718 | D:3      | Reached XP level 5. HP: 19/36 MP: 6/6
  2899 | D:3      | Noticed Terence
  3062 | D:3      | Reached skill level 1 in Spellcasting
  3655 | D:4      | Noticed Menkaure
  3658 | D:4      | Noticed Blork the orc
  3665 | D:4      | Slain by Menkaure

Illustrated notes

Levels and vault maps discovered:
D:1:      onia_arrival_pentagram, layout_basic, serial_shops, shop, shop,
          nicolae_shop_hallway_stairs,
          dreamdust_ecumenical_altar_angels_and_demons
D:2:      layout_loops_ring, minmay_misc_feat_room
D:3:      layout_basic, serial_undead, serial_undead_a, serial_undead_d,
          serial_undead_e, serial_undead_f, grunt_decor_cap, uniq_terence
D:4:      layout_basic, nicolae_ossuary_entry_ruins, uniq_blork_the_orc,
          uniq_pargi, uniq_menkaure
D:5:      layout_rooms, serial_shops, nicolae_shop_bloodbath_and_beyond,
          grunt_ministairs_7, roderic_lattice_a
D:6:      kennysheep_big_flooded_room, layout_basic,
          kennysheep_opposing_triangles

Skill      XL: |  1  2  3  4  5 |
---------------+----------------+-----
Stealth        | 7 |  7.3
Fire Magic     | 1 |  1.4
Poison Magic   | 1 |  1.6
Spellcasting   | 1 |  1.2
Fighting       | |  3.7
Axes           | |  2.9
Dodging        | |  2.9

Action                   |  1- 3 |  4- 6 || total
-------------------------+-------+-------++-------
Melee: Hand axe          |    53 |    61 ||   114
       Tentacles         |     9 |    18 ||    27
       Constrict         |    13 |    18 ||    31
       Punch             |       |     2 ||     2
  Use: Scroll            |     1 |     8 ||     9
 Stab: Sleeping          |    13 |    17 ||    30
Armor: Skin              |     4 |     4 ||     8
Dodge: Dodged            |    32 |    40 ||    72
